 Dungeon Sprint DCSS version 0.28.0-45-g0d030f2227 (webtiles) character file.

Game seed: 2255210343862218579

2823 boopmooplesden the Severer (level 9, 0/97 HPs)
             Began as a Minotaur Berserker on Apr 14, 2022.
             Was an Elder of Trog.
             Slain by an unseen horror (9 damage)
             ... in the Dungeon (Sprint III: "The Ten Rune Challenge").
             The game lasted 00:04:00 (1627 turns).

boopmooplesden the Severer (Minotaur Berserker)     Turns: 1627, Time: 00:04:00

Health: 0/97       AC:  2    Str: 22    XL:     9   Next: 45%
Magic:  8/8        EV: 16    Int:  4    God:    Trog [****..]
Gold:   32         SH:  4    Dex: 14    Spells: 8/8 levels left

rFire   . . .      SeeInvis .   r - +1 long sword (holy)
rCold   . . .      Faith    .   p - +0 buckler
rNeg    . . .      Spirit   .   b - +0 animal skin
rPois   .          Reflect  .   (helmet restricted)
rElec   .          Harm     .   (no cloak)
rCorr   .          Rampage  .   (no gloves)
Will    .....      NoTele   +   (no boots)
Stlth   +++.......              (no amulet)
HPRegen 1.06/turn               (no ring)
MPRegen 0.11/turn               (no ring)

@: unable to read
A: horns 2, retaliatory headbutt, regeneration 1, inability to read while
threatened
a: Renounce Religion, Berserk, Trog's Hand, Brothers in Arms


You were in the Dungeon.
You worshipped Trog.
Trog was greatly pleased with you.
You visited 1 branch You collected 32 gold pieces.

Inventory:

Hand Weapons
 a - a +0 hand axe
 i - a +4 battleaxe of flaming
 r - a +1 long sword of holy wrath (weapon)
Armour
 b - a +0 animal skin (worn)
 p - a +0 buckler (worn)
Wands
 o - a wand of digging (4)
Scrolls
 h - a scroll of blinking
 m - a scroll of identify
Potions
 c - 2 potions of curing
 e - a potion of haste
 f - 2 potions of magic
 g - a potion of berserk rage
 k - 4 potions of mutation
 n - a potion of flight
 q - a potion of might
Miscellaneous
 s - a lightning rod (4/4)


   Skills:
 + Level 15.2 Fighting
 + Level 7.0 Long Blades
 + Level 15.6 Axes
 + Level 6.9 Armour
 + Level 9.2 Dodging
 + Level 5.0 Stealth
 + Level 1.0 Shields


You had 8 spell levels left.
You didn't know any spells.
Your spell library was empty.

Dungeon Overview and Level Annotations

Branches:
Dungeon (1/1)

Altars:
Cheibriados
Dithmenos
Elyvilon
Fedhas
Gozag
Hepliaklqana
Kikubaaqudgha
Makhleb
Nemelex Xobeh
Okawaru
Qazlal
Ru
Sif Muna
Trog
Uskayaw
Vehumet
Wu Jian
Xom
Yredelemnul
Zin
The Shining One
Beogh
Jiyva
Lugonu


Innate Abilities, Weirdness & Mutations

You have a pair of horns on your head.
You reflexively headbutt those who attack you in melee.
Your natural rate of healing is unusually fast.
You sometimes lose the ability to read scrolls when taking damage.


Message History

Something completely misses your two-headed ogre.
Your two-headed ogre rages.
Deactivating autopickup; reactivate with Ctrl-A.
You hit something but do no damage. You block something's attack.
Something hits you! Something hits you. Something hits you.
Something barely misses you.
You hit something but do no damage. Something hits you. Something hits you!
You feel threatened and lose the ability to read scrolls!
Something hits you!
You hear two shouts!
Unknown command.
You hit something. Something hits you! x2
Something hits you! x2
* * * LOW HITPOINT WARNING * * *
You hit something but do no damage. Something hits you!
* * * LOW HITPOINT WARNING * * *
Something hits you.
* * * LOW HITPOINT WARNING * * *
You slash something! Something hits you!
* * * LOW HITPOINT WARNING * * *
Something hits you.
* * * LOW HITPOINT WARNING * * *
You feel much better. Something barely misses you.
Something hits you but does no damage.
You hit something. Something hits you!
* * * LOW HITPOINT WARNING * * *
Something hits you!
* * * LOW HITPOINT WARNING * * *
You feel much better. Something barely misses you. Something hits you.
* * * LOW HITPOINT WARNING * * *
You hit something. You headbutt something. Something hits you!
* * * LOW HITPOINT WARNING * * *
Something hits you.
* * * LOW HITPOINT WARNING * * *
Your two-headed ogre rages.
Something hits you!
* * * LOW HITPOINT WARNING * * *
You barely miss something. You headbutt something. Something barely misses you.
You slash something! Your headbutt misses something. Something hits you!
You die...

'#.#
.#+#####################
.#..≈≈≈'.#.')..'.#.#.#.+
.#.#§§≈#.#.#)..##.#.#.##
.'.#§§.#.#.#...#.#.#.#.#
.#.#.§§#...#...##.#.#.#
▓▓▓▓▓▓▓▓▓▓▓▓▓▓▓#.#.#.#
##.#.#.# +@#.#.#.#
##O#.#.## #+#####


You could see a friendly two-headed ogre (summoned, berserk).

Vanquished Creatures
  Josephine (D)
  A centaur warrior (D)
  A deep elf pyromancer (D)
  A shadow (D)
  A spatial vortex (D)
  A necrophage (D)
  2 centaurs (D)
  An earth elemental (D)
  A water elemental (D)
  A scorpion (D)
  A jelly (D)
  Jessica (D)
  A wizard (D)
  A necromancer (D)
  A kobold demonologist (D)
  3 humans (D)
  2 endoplasms (D)
  A rat (D)
22 creatures vanquished.

Notes
Turn   | Place    | Note
-------+----------+-------------------------------------------
     0 | D        | boopmooplesden the Minotaur Berserker began the quest for
                  | the Orb.
     0 | D        | Reached XP level 1. HP: 19/19 MP: 0/0
   174 | D        | Reached ** piety under Trog
   183 | D        | Noticed Jessica
   195 | D        | Killed Jessica
   196 | D        | Reached skill level 5 in Fighting
   196 | D        | Reached skill level 5 in Axes
   196 | D        | Reached XP level 2. HP: 6/30 MP: 1/1
   196 | D        | Reached XP level 3. HP: 8/37 MP: 2/2
   441 | D        | Noticed a scorpion
   450 | D        | Killed a scorpion
   451 | D        | Reached XP level 4. HP: 47/47 MP: 3/3
   474 | D        | Gained mutation: You sometimes lose the ability to read
                  | scrolls when taking damage. [potion of mutation]
   474 | D        | Gained mutation: Your natural rate of healing is unusually
                  | fast. [potion of mutation]
   623 | D        | Noticed a water elemental
   627 | D        | Killed a water elemental
   627 | D        | Reached *** piety under Trog
   628 | D        | Reached skill level 1 in Stealth
   628 | D        | Reached XP level 5. HP: 53/56 MP: 4/4
   674 | D        | Found a basalt altar of Yredelemnul.
   674 | D        | Found a shadowy altar of Dithmenos.
   674 | D        | Found a sacrificial altar of Ru.
   674 | D        | Noticed a necrophage
   692 | D        | Killed a necrophage
   693 | D        | Reached skill level 5 in Armour
   693 | D        | Reached skill level 5 in Dodging
   693 | D        | Reached XP level 6. HP: 52/66 MP: 5/5
   709 | D        | Found a hide-covered altar of Uskayaw.
   709 | D        | Found an iron altar of Okawaru.
   711 | D        | Found a bloodstained altar of Trog.
   711 | D        | Found an ornate altar of the Wu Jian Council.
   711 | D        | Noticed a human
   711 | D        | Noticed a human
   714 | D        | Killed a human
   715 | D        | Reached skill level 10 in Fighting
   718 | D        | Killed a human
   718 | D        | Reached **** piety under Trog
   719 | D        | Reached XP level 7. HP: 74/74 MP: 6/6
   891 | D        | Found a glowing silver altar of Zin.
   893 | D        | Found a glowing golden altar of the Shining One.
   893 | D        | Found a white marble altar of Elyvilon.
   893 | D        | Noticed a deep elf pyromancer
   895 | D        | Noticed a fire elemental
   902 | D        | Killed a deep elf pyromancer
   903 | D        | Reached XP level 8. HP: 24/85 MP: 7/7
   957 | D        | Found a radiant altar of Vehumet.
   959 | D        | Found a shimmering blue altar of Sif Muna.
   959 | D        | Found an ancient bone altar of Kikubaaqudgha.
   961 | D        | Reached ***** piety under Trog
  1205 | D        | Found a blossoming altar of Fedhas.
  1205 | D        | Found a stormy altar of Qazlal.
  1205 | D        | Found a snail-covered altar of Cheibriados.
  1205 | D        | Found a burning altar of Makhleb.
  1205 | D        | Found a shimmering altar of Xom.
  1206 | D        | Found a hazy altar of Hepliaklqana.
  1206 | D        | Found an opulent altar of Gozag.
  1206 | D        | Found a sparkling altar of Nemelex Xobeh.
  1206 | D        | Found a corrupted altar of Lugonu.
  1206 | D        | Found a viscous altar of Jiyva.
  1220 | D        | Reached skill level 1 in Long Blades
  1311 | D        | Noticed Josephine
  1318 | D        | Killed Josephine
  1318 | D        | Received a gift from Trog
  1319 | D        | Reached skill level 15 in Axes
  1319 | D        | Reached XP level 9. HP: 95/95 MP: 8/8
  1360 | D        | Noticed an orc knight
  1449 | D        | Noticed a centaur warrior
  1455 | D        | Killed a centaur warrior
  1456 | D        | Reached skill level 15 in Fighting
  1457 | D        | Reached skill level 5 in Stealth
  1461 | D        | Reached skill level 1 in Shields
  1623 | D        | HP: 2/97 [something (10)]
  1627 | D        | Slain by an unseen horror

Illustrated notes

Levels and vault maps discovered:
D:        dungeon_sprint_mu [sprint_mu_entry_cave, sprint_mu_temple_rooms,
          sprint_mu_d1_horrors, sprint_mu_d2_genie, sprint_mu_d3_branching,
          sprint_mu_orc_legion, sprint_mu_elf_gauntlet, sprint_mu_hive_nellie,
          sprint_mu_lair_fedhas, sprint_mu_vaults_butterflies,
          sprint_mu_slime_circle, sprint_mu_swamp_cave, sprint_mu_snake_twists,
          sprint_mu_blade_basic, sprint_mu_crypt_fortress,
          sprint_mu_tomb_spiral, sprint_mu_vestibule_basic,
          sprint_mu_gehenna_hellfire, sprint_mu_dis_giant,
          sprint_mu_tartarus_statrot, sprint_mu_cocytus_islands, sprint_mu_zot1]

Skill      XL: |  1  2  3  4  5  6  7  8  9 |
---------------+----------------------------+-----
Fighting       | 5 7 8 9 11 12 14 15 | 15.2
Axes           | 5 7 8 9 11 13 15 | 15.6
Armour         | 3 4 5 6 |  6.9
Dodging        | 3 4 5 6 7 8 9 |  9.2
Stealth        | 1 2 3 4 5 |  5.0
Long Blades    | 3 7 |  7.0
Shields        | 1 |  1.0

Action                   |  1- 3 |  4- 6 |  7- 9 || total
-------------------------+-------+-------+-------++-------
Melee: Hand axe          |    19 |    26 |     8 ||    53
       Headbutt          |     3 |     5 |    15 ||    23
       Punch             |     1 |       |       ||     1
       Long sword        |       |       |    50 ||    50
Invok: Berserk           |     1 |     2 |     7 ||    10
       Trog's Hand       |       |     1 |       ||     1
       Brothers in Arms  |       |       |     1 ||     1
  Use: Scroll            |       |     1 |     4 ||     5
       Potion            |       |     1 |     2 ||     3
Armor: Animal skin       |     2 |     2 |     5 ||     9
Dodge: Dodged            |    10 |    11 |    30 ||    51
Block: Buckler           |       |       |     5 ||     5
